Map: Rhoskallian LE

Players

Massa - Winner!

  • Race: Terran Terran
  • League: Gold
  • Spawn Location: 6:00

qqq - Winner!

  • Race: Zerg Zerg
  • League: Platinum
  • Spawn Location: 5:00

Alligator

  • Race: Terran Terran
  • League: Platinum
  • Spawn Location: 11:00

МойДругКраб

  • Race: Zerg Zerg
  • League: Diamond
  • Spawn Location: 12:00

VOD

Have the link to the VOD?

Description

Time

  • Played on: July 25, 2020, 8:26 a.m.
  • Length: 15:06
Show
View Real Time Build Order
Export as new Build Order

Massa Terran - Winner!

Build Orders:  

Get SALT Encoding   

  12  0:03  SCV  
  13  0:15  SCV  
  13  0:19  Supply Depot  
  14  0:27  SCV  
  15  0:40  SCV  
  16  0:43  Barracks  
  16  0:53  SCV  
  17  0:58  Refinery  
  17  1:05  SCV  
  18  1:17  SCV  
  19  1:32  SCV  
  20  1:52  Supply Depot  
  19  1:57  SCV  
  20  2:04  Marine  
  21  2:09  SCV  
  21  2:15  Barracks  
  22  2:16  Barracks  
  22  2:22  Marine  
  23  2:25  Orbital Command  
  23  2:29  Factory  
  23  2:49  Supply Depot  
  23  2:51  Supply Depot  
  23  2:56  Supply Depot  
  23  3:02  Barracks Tech Lab  
  23  3:11  SCV, Marine x2  
  26  3:13  Factory Tech Lab  
  26  3:19  Supply Depot  
  26  3:23  SCV  
  27  3:28  Marine x2  
  27  3:29  Marauder  
  27  3:30  Supply Depot  
  31  3:36  Siege Tank  
  34  3:46  Marine x2  
  36  3:51  Marauder  
  38  4:04  Marine  
  39  4:12  Marauder  
  39  4:16  Widow Mine  
  43  4:18  Marine  
  43  4:22  Marine  
  45  4:34  Marauder  
  45  4:36  Marine  
  45  4:38  Widow Mine  
  50  4:40  Marine  
  50  4:44  Command Center  
  51  4:54  Marine  
  51  4:55  Marauder  
  41  5:16  Marauder  
  43  5:28  Marine x2  
  45  5:38  Marauder  
  47  5:46  Marine x2  
  44  5:59  Marauder  
  44  6:04  Marine x2  
  48  6:16  Widow Mine  
  50  6:20  Marauder  
  50  6:21  Marine  
  50  6:22  Marine  
  51  6:27  SCV x2  
  53  6:37  Widow Mine  
  53  6:39  SCV x2, Marine x2  
  58  6:42  Marauder  
  61  6:51  SCV  
  62  6:57  Marine x2  
  62  6:58  Widow Mine  
  66  7:03  Marauder  
  67  7:15  Marine x2  
  69  7:25  Marauder  
  71  7:31  Siege Tank  
  71  7:33  Marine x2  
  76  7:46  Marauder  
  78  7:59  Supply Depot x2  
  78  8:01  Refinery, Supply Depot x2  
  78  8:02  Supply Depot  
  78  8:14  Orbital Command  
  78  8:15  Stimpack  
  78  8:20  Command Center  
  78  8:21  SCV, Marauder  
  78  8:24  Barracks Tech Lab  
  79  8:28  Barracks Reactor  
  79  8:33  SCV  
  80  8:42  Marauder  
  80  8:45  SCV  
  83  8:57  SCV  
  84  9:04  Marauder  
  84  9:09  SCV  
  69  9:19  Marauder, Marine x2  
  61  9:25  Marauder  
  57  9:37  Marine x2  
  46  9:40  Marauder  
  46  9:47  Refinery, Marauder  
  46  9:49  Refinery  
  48  9:54  Marine  
  48  9:55  Marine  
  48  9:56  Orbital Command  
  48  9:59  Refinery  
  50  10:00  Refinery, Barracks x2  
  50  10:01  Barracks, Marauder  
  52  10:07  Engineering Bay, Marine  
  52  10:12  Marine x2  
  55  10:23  Marauder  
  55  10:26  SCV x3, Marauder  
  62  10:30  Marine x2  
  64  10:41  Siege Tank  
  67  10:44  Marauder  
  67  10:47  Marauder  
  67  10:48  Marine x2  
  67  10:49  Missile Turret  
  73  10:55  Factory  
  73  11:01  Missile Turret  
  73  11:03  Missile Turret  
  73  11:06  Marauder, Marine, Missile Turret  
  73  11:09  Marauder  
  73  11:10  Missile Turret  
  73  11:11  Starport  
  78  11:15  Siege Tank  
  81  11:21  Barracks Reactor  
  81  11:22  Barracks Tech Lab x2  
  81  11:24  Marine x2  
  83  11:27  Marauder  
  83  11:30  Marauder  
  87  11:39  SCV  
  89  11:40  SCV x2  
  90  11:48  Marauder  
  90  11:51  Marauder  
  90  11:52  SCV  
  90  11:53  Medivac  
  97  11:59  Concussive Shells  
  97  12:00  Combat Shield  
  97  12:23  Medivac  
  99  12:42  Marauder  
  99  12:43  Marauder x3, Marine  
  104  13:04  Marauder x2  
  104  13:05  Marauder x2  
  73  13:21  Marine x3  
  73  13:22  Marine  
  73  13:25  Marauder x2  
  73  13:26  Marauder x2  
  81  13:39  Marine x3  
  81  13:40  Marine  
  85  13:46  SCV  
  85  13:47  SCV x2, Marauder x4  
  96  13:51  Command Center  
  96  13:57  Marine x4  
  96  13:58  Factory Tech Lab, SCV  
  101  14:08  Marauder x2  
  101  14:09  Marauder x2  
  109  14:22  Widow Mine x2  
  113  14:28  SCV  
  113  14:29  SCV x2, Marauder  
  113  14:30  Marauder x2  
  122  14:37  Ghost Academy  
  122  14:40  SCV  
  122  14:41  SCV x2  
  131  14:47  Engineering Bay  
  130  14:53  SCV x3  
Show
View Real Time Build Order
Export as new Build Order

qqq Zerg - Winner!

Build Orders: Hatch First, Lurkers 

Get SALT Encoding   

  12  0:03  Drone  
  13  0:10  Drone  
  14  0:40  Hatchery  
  13  0:52  Spawning Pool  
  13  0:56  Drone  
  13  1:04  Overlord  
  13  1:08  Drone  
  14  1:14  Extractor  
  14  1:16  Drone  
  14  1:25  Drone  
  15  1:39  Drone  
  16  1:42  Queen  
  16  1:43  Drone  
  19  1:54  Queen  
  19  1:59  Drone  
  22  2:03  Drone  
  23  2:10  Zergling x2  
  23  2:12  Drone  
  25  2:22  Metabolic Boost  
  25  2:26  Overlord  
  25  2:28  Zergling x2  
  26  2:32  Drone  
  26  2:35  Drone  
  28  2:41  Overlord  
  28  2:44  Drone  
  28  2:49  Zergling x2  
  30  2:54  Zergling x4  
  30  2:55  Zergling x2  
  33  2:59  Drone  
  33  3:01  Drone  
  35  3:12  Overlord x2  
  35  3:18  Drone x2  
  37  3:20  Zergling x2  
  37  3:26  Zergling x4  
  40  3:29  Overlord  
  40  3:44  Zergling x4  
  40  3:45  Drone, Zergling x2  
  40  3:46  Drone  
  45  3:57  Zergling x6  
  48  4:05  Roach Warren  
  47  4:10  Drone  
  47  4:16  Zergling x2  
  49  4:18  Drone x2  
  51  4:25  Zergling x2  
  51  4:26  Drone  
  51  4:27  Drone x2  
  55  4:34  Hatchery  
  55  4:36  Zergling x6  
  55  4:38  Drone x2  
  59  4:47  Lair  
  59  4:49  Overlord  
  59  4:51  Drone  
  53  5:09  Roach x4  
  53  5:10  Drone x4  
  63  5:28  Roach x2  
  62  5:49  Drone x2, Roach x2  
  66  5:50  Drone x2  
  66  5:56  Roach  
  66  6:01  Extractor  
  66  6:02  Extractor  
  66  6:03  Drone x2  
  66  6:21  Drone x2  
  66  6:22  Spore Crawler  
  66  6:23  Roach x2  
  71  6:30  Overlord, Roach  
  71  6:31  Overlord x2  
  73  6:40  Hatchery  
  73  6:44  Hatchery  
  67  6:56  Hatchery  
  67  6:58  Roach x3  
  67  6:59  Roach x3  
  67  7:00  Drone x3  
  81  7:07  Extractor  
  80  7:12  Hydralisk Den  
  79  7:16  Drone  
  79  7:17  Drone  
  81  7:28  Drone  
  82  7:32  Drone x2  
  84  7:39  Drone, Evolution Chamber  
  84  7:40  Roach x2  
  84  7:41  Evolution Chamber, Roach x4  
  93  7:58  Drone x4  
  97  8:01  Grooved Spines  
  97  8:02  Hydralisk  
  97  8:03  Hydralisk  
  97  8:04  Hydralisk x3  
  107  8:08  Zerg Missile Weapons Level 1  
  107  8:10  Drone x4  
  111  8:12  Spore Crawler  
  111  8:13  Extractor  
  111  8:15  Spine Crawler  
  111  8:18  Spore Crawler  
  111  8:19  Drone x3  
  110  8:22  Overlord  
  110  8:35  Drone x3  
  110  8:36  Drone x3  
  110  8:39  Overlord x3  
  116  8:47  Zerg Ground Armor Level 1  
  116  8:48  Hydralisk  
  116  8:50  Lurker Den  
  116  8:51  Hydralisk  
  119  8:57  Hydralisk x2  
  119  8:59  Hydralisk  
  119  9:00  Drone  
  119  9:01  Drone  
  119  9:02  Drone  
  128  9:03  Drone  
  129  9:13  Muscular Augments  
  95  9:31  Hydralisk x2  
  95  9:32  Hydralisk x4  
  95  9:46  Zergling x2  
  95  9:47  Zergling x6  
  95  9:48  Drone x6  
  95  9:49  Drone x5  
  95  9:51  Spine Crawler  
  95  9:52  Spore Crawler  
  108  9:53  Spore Crawler  
  108  9:54  Spine Crawler  
  108  9:56  Spore Crawler  
  108  9:57  Spine Crawler  
  108  9:59  Drone x4  
  108  10:00  Hydralisk x3  
  108  10:03  Lurker  
  108  10:04  Lurker x2  
  117  10:07  Lurker  
  118  10:14  Zerg Melee Weapons Level 1  
  118  10:15  Zergling x4  
  118  10:16  Zergling x2  
  118  10:17  Drone x4  
  118  10:18  Drone  
  126  10:25  Zergling x2  
  126  10:26  Drone x4  
  131  10:43  Drone  
  131  10:44  Drone x7  
  131  10:45  Hydralisk x4  
  131  10:48  Lurker  
  148  10:50  Overlord  
  148  11:04  Overlord x3  
  147  11:28  Overseer  
  147  11:36  Pneumatized Carapace  
  147  11:38  Infestation Pit  
  147  11:39  Extractor  
  145  11:42  Drone x3  
  145  11:43  Drone x3  
  151  11:48  Extractor  
  151  11:51  Spore Crawler  
  151  11:52  Spine Crawler  
  146  12:00  Spore Crawler  
  145  12:01  Spore Crawler  
  145  12:02  Drone x2  
  145  12:03  Drone x4  
  145  12:05  Spine Crawler  
  145  12:07  Spore Crawler  
  148  12:10  Zerg Ground Armor Level 2  
  148  12:12  Zerg Missile Weapons Level 2  
  143  12:31  Zergling x8  
  143  12:32  Drone x3, Zergling x4  
  143  12:33  Drone x4  
  143  12:34  Roach x5  
  166  12:41  Lurker  
  166  12:42  Lurker x4  
  170  12:56  Hydralisk x4  
  160  13:36  Hydralisk x2  
  160  13:37  Zergling x6  
  160  13:38  Zergling x2  
  160  13:40  Zergling x6  
  160  13:41  Hydralisk, Zergling x4  
  154  13:59  Hydralisk  
  154  14:00  Hydralisk x3  
  154  14:02  Roach x6  
  172  14:03  Roach  
  169  14:13  Lurker x2  
  169  14:14  Lurker  
  169  14:15  Overlord x2  
  172  14:43  Overlord  
  172  14:44  Overlord x5  
  150  15:04  Lurker  
Show
View Real Time Build Order
Export as new Build Order

Alligator Terran 

Build Orders:  

Get SALT Encoding   

  12  0:01  SCV  
  13  0:13  SCV  
  14  0:18  Supply Depot  
  14  0:25  SCV  
  15  0:36  Refinery  
  15  0:40  SCV  
  16  0:46  Barracks  
  16  0:52  SCV  
  17  1:06  SCV  
  18  1:18  SCV  
  19  1:30  SCV  
  20  1:41  Barracks Reactor  
  20  1:57  Command Center  
  20  2:00  Orbital Command  
  20  2:07  Factory  
  20  2:10  Supply Depot  
  20  2:20  Marine x2  
  22  2:34  Refinery  
  22  2:35  SCV  
  23  2:37  Marine x2  
  25  2:50  SCV  
  26  2:58  Engineering Bay  
  26  3:02  SCV  
  27  3:24  Orbital Command  
  27  3:29  Command Center  
  27  3:31  SCV  
  28  3:37  Missile Turret  
  28  3:38  Terran Infantry Weapons Level 1  
  27  3:42  Hellion  
  27  3:47  Barracks Tech Lab  
  29  3:56  Bunker  
  29  3:58  Hellion  
  29  3:59  Bunker  
  31  4:03  Barracks  
  31  4:09  SCV  
  32  4:21  SCV, Stimpack  
  32  4:22  Marine  
  32  4:24  Widow Mine  
  36  4:25  Widow Mine  
  36  4:27  SCV  
  39  4:34  Supply Depot  
  39  4:44  SCV  
  39  4:45  SCV x2  
  42  4:47  Missile Turret  
  35  5:11  Hellion  
  35  5:12  Hellion, Marauder  
  35  5:13  Marine  
  29  5:30  Marine  
  29  5:33  Hellion x2  
  27  5:49  Marine  
  22  5:50  Marine  
  22  5:54  Hellion  
  23  6:07  Marine  
  24  6:13  Widow Mine  
  24  6:16  Widow Mine  
  30  6:26  Marauder  
  30  6:42  Hellion x2  
  36  6:47  Marauder, Marine  
  36  6:48  Armory  
  36  6:49  Concussive Shells  
  37  6:59  SCV  
  37  7:00  Starport, SCV  
  41  7:08  Marauder  
  41  7:19  Marine  
  41  7:22  Hellion x2  
  46  7:29  SCV  
  49  7:30  Marauder  
  49  7:37  Marine  
  49  7:39  Starport Tech Lab  
  49  7:41  SCV  
  49  7:43  Hellion  
  49  7:44  Hellion  
  57  7:51  Marauder  
  57  7:53  SCV  
  57  7:54  Marine  
  59  8:01  Banshee  
  59  8:05  Hellbat x2  
  66  8:09  SCV  
  66  8:12  Orbital Command, Marauder  
  69  8:15  Starport  
  69  8:35  Supply Depot x2  
  69  8:56  SCV, Marauder, Marine  
  69  8:58  Supply Depot  
  69  9:18  Marauder  
  59  9:25  Marine  
  46  9:39  Starport Tech Lab, Marauder  
  46  9:43  Marine  
  47  9:56  Orbital Command  
  47  10:01  Marauder, Marine  
  50  10:22  Marauder  
  50  10:27  Viking  
  54  10:32  Widow Mine  
  54  10:33  Widow Mine  
  58  10:36  Refinery  
  58  10:37  SCV x3  
  61  10:44  Refinery  
  61  10:49  SCV x3  
  64  10:54  Barracks  
  64  10:57  Barracks  
  64  11:01  SCV  
  65  11:15  Barracks Reactor  
  65  11:23  SCV x3  
  65  11:25  Factory Tech Lab  
  68  11:32  Medivac  
  70  11:33  Medivac  
  70  11:35  SCV x3  
  75  11:45  Engineering Bay  
  75  11:46  Terran Vehicle And Ship Armor Level 1  
  75  11:47  SCV x2  
  77  11:59  SCV x2  
  79  12:02  Medivac  
  79  12:03  Medivac  
  81  12:13  Refinery  
  80  12:16  Refinery  
  50  12:43  Marauder, Marine x5  
  55  12:46  Siege Tank  
  55  12:47  Combat Shield  
  58  12:51  Banshee  
  58  12:52  Banshee  
  58  12:53  Cloaking Field  
  62  13:01  Marine x5  
  62  13:04  Marauder  
  67  13:18  Siege Tank  
  67  13:19  Marine x5  
  72  13:26  Marauder  
  66  13:36  Marine x2  
  66  13:37  Marine x3  
  59  13:47  Marauder  
  61  13:50  Siege Tank  
  61  13:54  Marine x3  
  61  13:55  Marine  
  65  13:56  Marine  
  66  14:08  Marauder  
  68  14:12  Marine x4  
  68  14:14  Marine  
  73  14:18  SCV x2  
  75  14:30  SCV x2, Marauder, Marine x4  
  83  14:32  Marine  
  84  14:42  SCV x2  
  86  14:48  Marine  
Show
View Real Time Build Order
Export as new Build Order

МойДругКраб Zerg 

Build Orders: Pool First 

Get SALT Encoding   

  12  0:10  Overlord  
  12  0:13  Drone  
  13  0:20  Drone  
  14  0:28  Drone  
  15  0:33  Drone  
  16  0:47  Drone, Spawning Pool  
  16  0:54  Drone  
  16  0:57  Extractor  
  16  1:05  Drone  
  17  1:35  Drone x2  
  17  1:36  Hatchery  
  18  1:43  Drone  
  18  1:44  Queen  
  21  1:47  Overlord  
  21  2:14  Extractor  
  20  2:17  Baneling Nest  
  20  2:18  Drone x2  
  20  2:20  Roach Warren  
  20  2:35  Zergling x4  
  22  2:44  Pneumatized Carapace  
  22  2:49  Drone  
  23  2:55  Drone  
  24  3:10  Drone  
  24  3:11  Drone x2, Queen  
  29  3:18  Drone x2  
  31  3:20  Metabolic Boost  
  31  3:22  Drone  
  32  3:29  Drone  
  33  3:34  Drone  
  33  3:36  Lair  
  33  3:40  Zergling x2  
  35  3:45  Zergling x2  
  36  3:51  Overlord  
  36  3:52  Overlord  
  36  4:00  Spore Crawler  
  36  4:01  Zergling x2  
  36  4:03  Baneling  
  36  4:05  Baneling  
  36  4:10  Drone x2  
  38  4:25  Drone x7  
  45  4:42  Drone, Hydralisk Den  
  45  4:43  Drone x4  
  49  4:46  Extractor  
  49  4:47  Extractor, Overseer, Spore Crawler  
  49  4:49  Drone  
  47  4:55  Centrifical Hooks  
  44  5:02  Baneling, Zergling x6  
  47  5:15  Zergling x2  
  47  5:16  Zergling x6  
  51  5:22  Zergling x2  
  51  5:35  Spine Crawler x2  
  45  5:47  Zergling x12  
  49  5:56  Zergling x6  
  49  5:58  Overseer  
  48  6:05  Zergling x4  
  46  6:21  Zergling x2  
  46  6:22  Zergling x12  
  46  6:32  Zergling x4  
  45  6:52  Zergling x10  
  43  7:05  Hatchery  
  42  7:10  Roach x2  
  45  7:35  Overlord  
  45  7:36  Overlord  
  45  7:37  Ravager  
  46  7:46  Overseer  
  46  7:53  Overlord  
  46  7:54  Overlord  
  46  7:59  Roach x2  
  46  8:02  Ravager  
  51  8:15  Roach x4  
  59  8:26  Roach x2  
  63  8:33  Roach  
  63  8:34  Evolution Chamber, Roach  
  66  8:36  Ravager x4  
  66  8:37  Ravager x2  
  72  8:51  Zergling x12  
  72  8:54  Baneling x8  
  78  9:10  Zergling x2  
  78  9:11  Zergling x4  
  77  9:18  Roach  
  77  9:19  Roach x2  
  77  9:21  Zergling x2  
  77  9:37  Roach x3  
  77  10:01  Hatchery  
  76  10:16  Extractor  
  76  10:17  Extractor  
  74  10:28  Hatchery  
  73  10:40  Lurker Den  
  72  11:14  Hydralisk x3  
  78  11:19  Drone  
  79  11:37  Infestation Pit  
  78  11:40  Drone x2  
  80  11:48  Zergling x4  
  80  11:49  Zergling x4  
  84  12:02  Drone x3  
  84  12:03  Queen  
  84  12:07  Overlord  
  89  12:39  Lurker x2  
  89  12:40  Lurker  
  85  12:54  Roach x6  
  85  12:55  Roach x5  
  70  13:15  Overseer  
  50  13:31  Ravager  
  50  13:32  Ravager x7  
  57  13:35  Roach  
  57  13:36  Roach x6  
  57  13:39  Drone x2  
  73  13:45  Roach x2  
  73  13:46  Roach  
  55  13:49  Roach  
  55  13:53  Zergling x4  
  57  14:10  Overlord  
  57  14:11  Overlord  
  57  14:12  Roach x2  
  61  14:21  Overseer  
  61  14:23  Ravager  
  62  14:24  Ravager x4  
  62  14:30  Roach x2  
  72  14:31  Roach  
Tags
 
Add a new tag
Caveats
  • Supply blocks, unpowered buildings, or Contaminate may cause inaccurate times.
  • Supply counts are checked every 10 seconds.